 Dungeon Crawl Stone Soup version 0.17.0-28-g6e173f8 (webtiles) character file.

2924 Peloso the Protected (level 9, -29/81 HPs)
             Began as a Minotaur Fighter on Nov 28, 2015.
             Was an Elder of Okawaru.
             Killed by the air
             ... invoked by Gastronok
              (36 damage)
             ... on level 8 of the Dungeon.
             The game lasted 00:25:56 (6439 turns).

Peloso the Protected (Minotaur Fighter)             Turns: 6439, Time: 00:25:56

Health: -29/81     AC: 17    Str: 22    XL:     9   Next: 50%
Magic:  8/8        EV: 10    Int:  9    God:    Okawaru [****..]
Gold:   391        SH: 13    Dex: 12    Spells: 0 memorised, 8 levels left

rFire  . . .     SeeInvis .     a - +0 long sword
rCold  . . .     Clarity  .     y - +1 plate armour
rNeg   . . .     SustAt   .     c - +0 shield
rPois  +         Gourm    .     (helmet restricted)
rElec  .         Spirit   .     (no cloak)
rCorr  .         Warding  .     (no gloves)
rMut   .         Stasis   .     (no boots)
MR     .....                    (no amulet)
Stlth  ..........               b - ring of poison resistance
                                B - +4 ring of intelligence

@: heroism, not resistant to hostile enchantments, extremely unstealthy
A: retaliatory headbutt, horns 2
a: Heroism, Renounce Religion


You were on level 8 of the Dungeon.
You worshipped Okawaru.
Okawaru was greatly pleased with you.
You were not hungry.

You visited 2 branches of the dungeon, and saw 9 of its levels.

You collected 391 gold pieces.

Inventory:

Hand Weapons
 a - a +0 long sword (weapon)
 F - a +3 short sword
Armour
 c - a +0 shield (worn)
 y - a +1 plate armour (worn)
Jewellery
 b - a ring of poison resistance (right hand)
 l - an uncursed ring of protection from cold
 B - a +4 ring of intelligence (left hand)
Wands
 p - a wand of flame (7)
 q - a wand of fireball (15)
 z - a wand of polymorph (13)
 C - a wand of slowing (14)
Scrolls
 f - 2 scrolls of amnesia
 g - a scroll of teleportation
 h - 3 scrolls of identify
 i - 2 scrolls of fear
 j - a scroll of blinking
 k - a scroll of fog
 r - a scroll of enchant armour
 A - a scroll of remove curse
 H - a scroll of recharging
Potions
 d - 2 potions of might
 s - a potion of agility
 u - a potion of heal wounds
 v - a potion of berserk rage
 x - 4 potions of curing
 D - 2 potions of flight
 G - 3 potions of magic
Books
 w - a book of the Earth

   Spells                             Type                      Level
   a - Leda's Liquefaction            Hexes/Earth                  4
   b - Bolt of Magma                  Conjuration/Fire/Earth       5
   c - Statue Form                    Transmutation/Earth          6
   d - Iron Shot                      Conjuration/Earth            6
   e - Shatter                        Earth                        9
Comestibles
 e - 3 bread rations
 m - 6 fruits
 n - a royal jelly
 o - 4 meat rations
 t - a slice of pizza


   Skills:
 + Level 7.9(12.9) Fighting
 + Level 8.0(13.0) Long Blades
 + Level 8.7(13.7) Armour
 + Level 3.4(8.4) Dodging
 + Level 0.5(5.5) Stealth
 + Level 8.7(13.7) Shields


You had 8 spell levels left.
You didn't know any spells.

Dungeon Overview and Level Annotations

Branches:
Dungeon (8/15)             Temple (1/1) D:5
   Lair: D:8-11

Altars:
Ashenzari
Cheibriados
Dithmenos
Elyvilon
Fedhas
Gozag
Kikubaaqudgha
Makhleb
Nemelex Xobeh
Okawaru
Qazlal
Ru
Sif Muna
Trog
Vehumet
Xom
Yredelemnul
The Shining One

Annotations:
D:8 Gastronok


Innate Abilities, Weirdness & Mutations

You reflexively headbutt those who attack you in melee.
You have a pair of horns on your head.


Message History

Gastronok bites you!!
* * * LOW HITPOINT WARNING * * *
You slash Gastronok! You headbutt Gastronok.
Gastronok is severely wounded.
You hit Gastronok but do no damage.
Gastronok is severely wounded.
You hit Gastronok.
Gastronok is severely wounded.
Gastronok bites you!
* * * LOW HITPOINT WARNING * * *
You slash Gastronok! You headbutt Gastronok!
Gastronok is almost dead.
You hit Gastronok.
Gastronok is almost dead.
You hit Gastronok. You headbutt Gastronok!
Gastronok is almost dead.
Gastronok chants a spell, wobbling all the while.
Gastronok waves his eye-stalks in wide circles.
The air twists around and strikes you!
You die...

...##..#........$
#................
..............#..
...........##.....
.........w....###.
......#.r....##
......#...#.##
..........##
.......@###
.........#
.....##### .....
..... .... ...


You could see Gastronok and a rat.

Vanquished Creatures
  Joseph (D:7)
  Sigmund (D:3)
  Edmund (D:4)
  A water moccasin (D:6)
  A sky beast (D:6)
  An ogre (D:5)
  3 phantoms
  4 centaurs
  Blork the orc (D:6)
  9 giant frogs
  A wyvern skeleton (D:7)
  2 scorpions
  An orc wizard (D:6)
  A hound (D:6)
  2 jellies (D:6)
  A centaur skeleton (D:6)
  A centaur zombie (D:7)
  Jessica (D:3)
  2 iguanas (D:6)
  Natasha (thrice) (D:4)
  3 orc priests (D:4)
  A worker ant (D:7)
  A killer bee zombie (D:5)
  2 hound zombies (D:7)
  4 gnolls (D:3)
  11 adders
  2 shadow imps
  3 oozes
  2 worms
  An adder skeleton (D:7)
  20 orcs
  A ball python (D:2)
  5 giant cockroaches
  5 goblins
  12 hobgoblins
  8 jackals
  10 bats
  3 giant geckos
  5 giant newts
  8 kobolds
  A quokka (D:3)
  4 rats
150 creatures vanquished.

Notes
Turn   | Place    | Note
--------------------------------------------------------------
     0 | D:1      | Peloso the Minotaur Fighter began the quest for the Orb.
     0 | D:1      | Reached XP level 1. HP: 19/19 MP: 0/0
   218 | D:1      | Reached XP level 2. HP: 25/27 MP: 1/1
   222 | D:1      | Reached skill level 4 in Armour
   620 | D:2      | Reached XP level 3. HP: 30/33 MP: 2/2
   645 | D:2      | Found an iron altar of Okawaru.
   653 | D:2      | Became a worshipper of Warmaster Okawaru
  1037 | D:3      | Reached XP level 4. HP: 26/40 MP: 3/3
  1081 | D:3      | Noticed Sigmund
  1091 | D:3      | Killed Sigmund
  1091 | D:3      | Reached * piety under Okawaru
  1091 | D:3      | Reached skill level 5 in Armour
  1091 | D:3      | Reached skill level 1 in Dodging
  1091 | D:3      | Reached skill level 5 in Shields
  1091 | D:3      | Reached XP level 5. HP: 26/47 MP: 4/4
  1153 | D:3      | Noticed Jessica
  1158 | D:3      | Killed Jessica
  1301 | D:3      | Reached XP level 6. HP: 55/55 MP: 5/5
  1326 | D:3      | Found a deep blue altar of Sif Muna.
  1472 | D:3      | Reached skill level 5 in Fighting
  2023 | D:4      | Noticed Edmund
  2041 | D:4      | Killed Edmund
  2041 | D:4      | Reached ** piety under Okawaru
  2041 | D:4      | Reached XP level 7. HP: 51/61 MP: 6/6
  2493 | D:4      | Noticed Natasha
  2498 | D:4      | Killed Natasha
  2520 | D:4      | Noticed Natasha
  2528 | D:4      | Killed Natasha
  2528 | D:4      | Reached skill level 5 in Long Blades
  2577 | D:4      | Noticed Natasha
  2580 | D:4      | Killed Natasha
  2654 | D:4      | Reached skill level 6 in Shields
  2685 | D:5      | Entered Level 5 of the Dungeon
  3302 | D:5      | Found a staircase to the Ecumenical Temple.
  3309 | Temple   | Entered the Ecumenical Temple
  3548 | D:5      | Reached XP level 8. HP: 65/70 MP: 7/7
  3585 | D:5      | Found a sparkling altar of Nemelex Xobeh.
  3880 | D:5      | Reached skill level 7 in Armour
  3936 | D:6      | Reached *** piety under Okawaru
  4251 | D:6      | Found a burning altar of Makhleb.
  4829 | D:6      | Noticed Blork the orc
  4843 | D:6      | Killed Blork the orc
  4843 | D:6      | Reached skill level 8 in Armour
  4858 | D:6      | Found a deep blue altar of Sif Muna.
  5139 | D:6      | Reached XP level 9. HP: 72/79 MP: 8/8
  5304 | D:7      | Reached **** piety under Okawaru
  5410 | D:7      | Noticed Joseph
  5428 | D:7      | Killed Joseph
  6086 | D:8      | Noticed Gastronok
  6439 | D:8      | Killed from afar by Gastronok

Action                   |  1- 3 |  4- 6 |  7- 9 || total
-------------------------+-------+-------+-------++-------
Melee: Long sword        |    74 |   127 |   342 ||   543
Invok: Heroism           |       |       |     1 ||     1
  Use: Scroll            |       |       |    20 ||    20
       Potion            |       |       |     2 ||     2
  Eat: Chunk             |       |     4 |    14 ||    18
